[Event "Late-Titled-Tuesday-Blitz-July-09-2024"]
[Site "Chess.com"]
[Date "2024.07.09"]
[Round "8"]
[White "falzehope0"]
[Black "klercaku"]
[Result "0-1"]
[WhiteElo "2445"]
[BlackElo "2387"]
[TimeControl "180+1"]
[EndTime "15:29:03 PDT"]
[Termination "klercaku won by resignation"]

1. d4 d5 2. e3 e6 3. Bd3 Nf6 4.
f4 Nbd7 5. Nf3 c5 6. c3 cxd4 7. exd4 a6 8. Nbd2 b5 9. a3 Rb8 10. Ne5 Qc7 11. Qf3 a5 12. O-O b4 13. axb4 axb4 14.
c4 Be7 15. c5 O-O 16. g4 Bb7 17. Bb5 Nxc5 18. g5 Nfe4 19. Kh1 Nxd2 20. Bxd2 Ne4 21.
Be1 Ra8 22. Rb1 Qb6 23. Qd3 Ba6 24. Bxa6 Qxa6 25. Qf3 Rfc8 26. f5 Nxg5 27. Qg2 exf5 28. Rxf5 Qe6 29. Rxg5 Bxg5 30. Qxg5 f6 31. Qg4 Qxg4 32.
Nxg4 Rc4 33. Bf2 Rc2 34. Kg1 Ra2 35. b3 Rab2 36. Rxb2 Rxb2 37. Ne3 Rxb3 38. Nxd5 Rb1+ 39. Kg2 b3 40. Nc3 Rc1 41. Na4 Rc4 42. Nb2 Rc2 43. Nd3 b2 44. Nxb2 Rxb2 45. Kf3 Kf7 46. h3 Ke6 47. Be3 Kd5 48. Kf4 Rh2 49. Kg3 Rc2 50. Kf4 Rc4 51. Bf2 g6 52. Kf3 Rxd4 53. Bxd4 Kxd4 54.
Kf4 Kd5 55. Kg4 Ke5 56. Kh4 h5 57. Kg3 Kf5 58. Kh4 Ke4 59. Kg3 g5 60. Kf2 Kf4 61.
Kg2 g4 62. h4 g3 63. Kh3 g2 64. Kxg2 Kg4 65. Kh2 Kxh4 66. Kg2 Kg4 67. Kh2 f5 68. Kg2 f4 69. Kh2 h4 70. Kg2 f3+ 71. Kh2 Kf4 72. Kg1 Ke3 73. Kf1 f2 74. Kg2 Ke2 75. Kh2 h3 76. Kxh3 f1=Q+ 77. Kg3 Qf3+ 78. Kh4 Qg2 79.
Kh5 Kf3 80. Kh6 Kf4 81. Kh7 Kf5 82. Kh8 Kf6 0-1

[Event "Late-Titled-Tuesday-Blitz-July-09-2024"]
[Site "Chess.com"]
[Date "2024.07.09"]
[Round "8"]
[White "EternalNight8"]
[Black "VitorBronson"]
[Result "0-1"]
[WhiteElo "2371"]
[BlackElo "2510"]
[TimeControl "180+1"]
[EndTime "15:29:08 PDT"]
[Termination "VitorBronson won on time"]

1. e4 c5 2. Nf3 d6 3. d4 cxd4 4. Nxd4 Nf6 5. Nc3 a6 6. Bg5 e6 7. f4 Be7 8. Qf3 h6 9. Bxf6 Bxf6 10. O-O-O Qb6 11. Nb3 O-O 12. g4 a5 13. Nd2 a4 14.
Nc4 Qc5 15. e5 dxe5 16. Ne4 Qe7 17. fxe5 Bg5+ 18. Kb1 a3 19. h4 Bxh4 20. Nxa3 Rxa3 21. Qxa3 Qxa3 22. bxa3 Be7 23. Bb5 Bxa3 24. Nd6 Bd7 25.
Bxd7 Nxd7 26. Rhe1 Nb6 27. Re4 Nd5 28. Rxd5 exd5 29.
Rd4 f6 30. Rxd5 fxe5 31. Nf5 Re8 32. c4 e4 33. Rd1 e3 34. Re1 Bc5 35. Kc2 g6 36. Ng3 Kg7 37. Kd3 Ra8 38. Re2 Ra3+ 39. Ke4 Ra4 40. Kd5 b6 41. Ne4 Ra3 42. Nxc5 bxc5 43.
Kxc5 Ra5+ 44. Kd4 Rg5 45. Rxe3 Rxg4+ 46. Kd5 Rg2 47. a3 Rd2+ 48. Ke6 h5 49. c5 h4 50. c6 Rc2 51. Kd7 g5 52. c7 Rd2+ 53. Ke8 Rc2 54. Kd8 Rd2+ 55. Ke8 Rc2 56. Re7+ Kf6 57. Kd8 h3 58. Rd7 h2 59. Rd6+ Kf5 60. Rh6 g4 61.
c8=Q+ Rxc8+ 62. Kxc8 g3 63. a4 g2 64. Rxh2 g1=Q 65.
Rb2 Qc1+ 0-1

[Event "Late-Titled-Tuesday-Blitz-July-09-2024"]
[Site "Chess.com"]
[Date "2024.07.09"]
[Round "8"]
[White "ChessLover0108"]
[Black "DanielNaroditsky"]
[Result "1/2-1/2"]
[WhiteElo "2943"]
[BlackElo "3093"]
[TimeControl "180+1"]
[EndTime "15:29:10 PDT"]
[Termination "Game drawn - insufficient material"]

1. Nf3 Nf6 2. d4 g6 3. c4 Bg7 4. Nc3 O-O 5. e4 d6 6. Be2 Na6 7. O-O e5 8. Be3 Qe7 9. d5 Ng4 10. Bg5 f6 11. Bh4 g5 12. Bg3 f5 13. exf5 Bxf5 14. Ne1 Nf6 15. Nc2 h5 16. Ne3 Bg6 17. h3 Bh6 18. Bd3 e4 19. Be2 Nc5 20. Nb5 Nd3 21. Nd4 Nf4 22. Nef5 Bxf5 23. Nxf5 Qh7 24. Nd4 Rae8 25. Bxf4 gxf4 26. Bxh5 Re5 27. Bg4 Nxg4 28.
Qxg4+ Kh8 29. Kh1 Rg8 30. Qh4 Qg6 31. g4 fxg3 32. fxg3 Rh5 33. Rf6 Rxh4 34. Rxg6 Rxg6 35. gxh4 Bg7 36. Ne6 Bxb2 37. Re1 Rg3 38. Rxe4 Be5 39.
Nxc7 Rxh3+ 40. Kg1 Rc3 41. a4 a6 42. Ne6 b6 43.
Ng5 Kg7 44. Ne6+ Kf6 45. h5 Kf5 46. Rh4 Bg3 47. Rd4 Rc2 48. Rd3 Kg4 49. h6 Be5 50. h7 Rxc4 51. Re3 Rc1+ 52. Kg2 Rc2+ 53. Kf1 Rc8 54. Re4+ Kf3 55. Ng5+ Kg3 56. Re3+ Kf4 57. Rxe5 Kxe5 58. Nf7+ Kxd5 59. h8=Q Rxh8 60. Nxh8 Kc4 61.
Nf7 d5 62. Ke2 Kb4 63. Kd3 Kxa4 64. Kd4 Kb3 65. Kxd5 a5 66. Nd6 a4 67. Nb5 Kb4 68. Kc6 Ka5 69. Na3 Kb4 70. Nb5 Kc4 71. Kxb6 Kb4 72.
Kc6 Kc4 73. Kb6 Kb4 74. Kc6 a3 75. Nxa3 1/2-1/2

[Event "Late-Titled-Tuesday-Blitz-July-09-2024"]
[Site "Chess.com"]
[Date "2024.07.09"]
[Round "8"]
[White "mbachez"]
[Black "Mikhal867"]
[Result "1-0"]
[WhiteElo "2621"]
[BlackElo "2453"]
[TimeControl "180+1"]
[EndTime "15:29:10 PDT"]
[Termination "mbachez won by resignation"]

1. e4 g6 2. d4 Bg7 3. Nf3 d6 4. Bc4 e6 5. O-O Ne7 6. Re1 a6 7. Nc3 b5 8. Bd3 Nd7 9. a4 b4 10. Ne2 a5 11. c3 Ba6 12. Bxa6 Rxa6 13. cxb4 axb4 14. b3 O-O 15. Bd2 c5 16. Rc1 Nc6 17. dxc5 Nxc5 18. Be3 Na5 19. Bxc5 dxc5 20. Qc2 c4 21.
bxc4 b3 22. Qb1 b2 23. Rc2 Qd7 24. Rxb2 Bxb2 25. Qxb2 Nxc4 26. Qc3 Rxa4 27. h4 Qe7 28. h5 e5 29. Ng3 Rfa8 30. Qd3 Qd8 31. Qe2 Qf6 32. Rc1 Nd6 33. Rc6 Qe7 34. h6 Rc8 35.
Rxc8+ Nxc8 36. Qb5 Ra1+ 37. Kh2 Nd6 38. Qb8+ Qf8 39. Qxf8+ Kxf8 40. Nxe5 Re1 41. Nf3 Rd1 42.
Ng5 Kg8 43. e5 Nc4 44. f4 Ne3 45. Kh3 Rd3 46. Nf3 Nd5 47. Kg4 Ne7 48. Ne4 Nf5 49. Nf6+ Kh8 50. Kg5 Ra3 51. Ne4 Ra2 52. g4 Rg2 53.
Nf6 Ne3 54. e6 fxe6 55. Ne5 Rxg4+ 56. Nexg4 Nxg4 57. Kxg4 g5 58. fxg5 e5 59. Kf5 e4 60.
Nxe4 Kg8 61. Kf6 Kh8 62. Nd6 Kg8 63. Nf7 Kf8 64. g6 Kg8 65. Ng5 hxg6 66. Kxg6 Kh8 67. Nf7+ Kg8 68. h7+ Kf8 69. h8=Q+ Ke7 70. Qd8+ 1-0

[Event "Late-Titled-Tuesday-Blitz-July-09-2024"]
[Site "Chess.com"]
[Date "2024.07.09"]
[Round "8"]
[White "Kyrko_Gamba"]
[Black "PhileKhoob"]
[Result "0-1"]
[WhiteElo "2506"]
[BlackElo "2392"]
[TimeControl "180+1"]
[EndTime "15:29:15 PDT"]
[Termination "PhileKhoob won on time"]

1. Nc3 d5 2. e4 d4 3. Nce2 e5 4. d3 c5 5. g3 Nc6 6. Bg2 Be6 7. f4 Nf6 8. f5 Bd7 9. h3 Qc7 10. g4 h6 11. Nf3 O-O-O 12. Bd2 g6 13. Nh4 gxf5 14.
Nxf5 Bxf5 15. exf5 Bd6 16. Ng3 Rhe8 17. Ne4 Nxe4 18. Bxe4 Be7 19. Qf3 Bh4+ 20. Ke2 Bg5 21. Bxg5 hxg5 22. h4 gxh4 23. Rxh4 Rh8 24. Rah1 Rxh4 25.
Rxh4 f6 26. Rh6 Nb4 27. Rxf6 c4 28. dxc4 Qxc4+ 29. Kd2 d3 30. c3 Qxa2 31. cxb4 Qxb2+ 32. Ke3 d2 33. Qd1 Qc1 34. Bf3 Qc3+ 35. Kf2 e4 36. Bxe4 Qxf6 37. Bf3 Qd4+ 38. Kg2 Qc3 39. g5 Rg8 40. g6 Rh8 41. Bg4 Rh4 42. f6+ Rxg4+ 43. Qxg4+ Kc7 44. Qf4+ Kb6 45. Qd6+ Kb5 46. Qd5+ Ka4 47.
Qa2+ Kxb4 48. Qb1+ Qb3 49. f7 Qxb1 50. f8=Q+ Kc3 51.
Qc5+ Kb2 52. Qb4+ Kc1 53. Qc3+ Qc2 54. Qa1+ Qb1 55. Qc3+ Kd1 56. Qf3+ Kc2 57. Qe4+ Kb2 58. Qb4+ Ka1 59. Qc3+ Qb2 60. Qa5+ Kb1 61. Qf5+ Kc1 62. g7 d1=Q+ 63. Kg3 Qg1+ 64. Kh4 Qgh2+ 65. Kg5 Qxg7+ 66. Qg6 Qg3+ 0-1

[Event "Late-Titled-Tuesday-Blitz-July-09-2024"]
[Site "Chess.com"]
[Date "2024.07.09"]
[Round "8"]
[White "LoonsDeKoeben"]
[Black "RebecaJimnz"]
[Result "1/2-1/2"]
[WhiteElo "2432"]
[BlackElo "2306"]
[TimeControl "180+1"]
[EndTime "15:29:17 PDT"]
[Termination "Game drawn by repetition"]

1. e4 g6 2. d4 Bg7 3. Nc3 d6 4. f4 Nf6 5. Nf3 a6 6. Bd3 b5 7. a3 Bb7 8. e5 dxe5 9. fxe5 Nd5 10. Nxd5 Bxd5 11. O-O O-O 12. Be3 Nd7 13. b3 c5 14. c4 Bxf3 15. Qxf3 cxd4 16. Bxd4 Bxe5 17. Bxe5 Nxe5 18. Qe3 Qxd3 19. Qxe5 Qxb3 20. cxb5 axb5 21. Qxe7 Rfe8 22. Rab1 Rxe7 23. Rxb3 Rea7 24. Rff3 Ra4 25. h3 Kg7 26. Kh2 Rb8 27. Rfd3 b4 28. axb4 Raxb4 29.
Rbc3 R4b7 30. Rc2 h5 31. Rf2 Ra7 32. Rdf3 Rbb7 33. Rf6 Re7 34. Kg1 Ra3 35. Kh2 Rea7 36. R6f4 Re7 37. Rf6 Rae3 38. Kg1 R3e6 39. R6f3 g5 40.
Kh2 Kg6 41. Rf5 f6 42. R5f3 Rd7 43. Ra3 Rd5 44. Ra4 h4 45. Ra8 Re7 46. Rf8 Rd6 47.
Rg8+ Rg7 48. Ra8 Rc6 49. Rf8 Rf7 50. Rg8+ Rg7 51. Re8 Rf7 52. Rfe2 Rb6 53. Rg8+ Rg7 54. Rge8 Rf7 55. Rf2 f5 56. Rc8 Rff6 57. Rg8+ Kf7 58. Rxg5 Rb5 59. Rh5 Rg6 60. Rxh4 Kf6 61. Rh8 Rb7 62.
Rf8+ Rf7 63. Rxf5+ Kxf5 64. Rxf7+ Kg5 65. Rf3 Ra6 66. Rg3+ Kh5 67. Rg4 Ra5 68. Rc4 Rb5 69.
Kg1 Rb2 70. Kh2 Ra2 71. Rc5+ Kg6 72. h4 Ra3 73. g3 Kh6 74. Kh3 Kg6 75. Rc6+ Kh5 76.
Rc5+ Kg6 77. Kg4 Ra4+ 78. Kh3 Ra3 1/2-1/2

[Event "Late-Titled-Tuesday-Blitz-July-09-2024"]
[Site "Chess.com"]
[Date "2024.07.09"]
[Round "8"]
[White "duone"]
[Black "Chessmatus"]
[Result "0-1"]
[WhiteElo "2328"]
[BlackElo "2525"]
[TimeControl "180+1"]
[EndTime "15:29:22 PDT"]
[Termination "Chessmatus won on time"]

1. d4 Nf6 2. Bf4 g6 3. e3 Bg7 4. c3 d6 5. Nd2 O-O 6. Bd3 c5 7. Ngf3 Nc6 8. h3 Qb6 9. Qc2 a6 10. O-O Be6 11. Ng5 Bd7 12. Nge4 Nxe4 13. Nxe4 Rac8 14.
Qe2 Qd8 15. Rfd1 b5 16. dxc5 d5 17. Nd2 e5 18. Bg3 Qe7 19. b4 e4 20. Bc2 Bxc3 21. Bd6 Qg5 22. Bxf8 Rxf8 23. f4 exf3 24. Nxf3 Qh5 25. Rab1 Re8 26. a3 Qh6 27. Rxd5 Rxe3 28. Qf2 Be6 29. Rd6 Ne5 30. Nxe5 Bxe5 31. Rd8+ Kg7 32.
Re1 Rxe1+ 33. Qxe1 Qf4 34. g3 Qf6 35. Rd3 Bxh3 36.
Qf2 Bf5 37. Rd2 Qg5 38. Bxf5 Bxg3 39. Qg2 Qe3+ 40. Kh1 Qe1+ 41. Qg1 Qxd2 42. Qxg3 Qd1+ 43. Kh2 Qh5+ 44. Kg2 Qxf5 45. Qc3+ Kg8 46. c6 Qd5+ 47. Kh2 Qd6+ 48. Kg2 Qc7 49. Qc5 h5 50. Qd5 h4 51.
Qd7 Qg3+ 52. Kh1 h3 53. Qd8+ Kh7 54. Qd2 Qf3+ 55. Kh2 Qxc6 56. Kxh3 Qe6+ 57. Kh2 Qe5+ 58. Kh3 Qf5+ 59. Kh2 Qe5+ 60. Kh3 Qe4 61. Qc3 Qf5+ 62.
Kh2 Qf4+ 63. Kh3 Qe4 64. Qf6 Qf5+ 65. Qxf5 gxf5 66. Kg3 Kg6 67. Kf4 Kf6 68. Kf3 Ke5 69. Ke3 f4+ 70. Kd3 Kf5 71. Kd4 f3 72. Ke3 Kg4 73. Kf2 Kf4 74. a4 bxa4 75. b5 axb5 76. Kg1 a3 77. Kh2 a2 78. Kh3 a1=Q 79. Kh2 Qb1 0-1

[Event "Late-Titled-Tuesday-Blitz-July-09-2024"]
[Site "Chess.com"]
[Date "2024.07.09"]
[Round "8"]
[White "zsoltkorpics"]
[Black "Charodej1"]
[Result "0-1"]
[WhiteElo "2479"]
[BlackElo "2401"]
[TimeControl "180+1"]
[EndTime "15:29:22 PDT"]
[Termination "Charodej1 won by checkmate"]

1. e4 e5 2. Nf3 Nc6 3. Bb5 a6 4. Ba4 Nf6 5. O-O Be7 6. Re1 b5 7. Bb3 d6 8. c3 Nb8 9. d4 Nbd7 10. Bxf7+ Kxf7 11. Ng5+ Kg6 12. Qf3 Nf8 13. Qg3 Ng4 14. Nh3 Bh4 15. Qd3 h6 16. Rf1 Kh7 17. f3 Nf6 18.
dxe5 Bxh3 19. exf6 Be6 20. e5+ g6 21. g3 Bc4 22.
Qc2 dxe5 23. Rd1 Qxf6 24. gxh4 Qxf3 25. Re1 Qg4+ 26. Qg2 Qxg2+ 27. Kxg2 Nd7 28. Nd2 Bd5+ 29.
Kg1 Raf8 30. a4 Rf4 31. axb5 axb5 32. Ra7 Rc8 33. h5 gxh5 34. Nf1 Rg4+ 35. Kf2 Rf8+ 36. Ke3 Rf3+ 37. Kd2 Rg2+ 38. Re2 Rxf1 39. Rxc7 Rxe2+ 40. Kxe2 Rf7 41. Be3 Bc4+ 42. Kd2 Nf6 43. Rc6 Ne4+ 44.
Kc2 Ng5 45. h4 Ne4 46. Rxh6+ Kg7 47. Rb6 Nf6 48. Bg5 Ne4 49. Be3 Rf3 50. Bc1 Rh3 51. b3 Bf1 52. Re6 Rh2+ 53. Kb1 Rxh4 54. Rxe5 Nxc3+ 55. Kc2 b4 56. Bd2 Rh2 57. Rc5 Rxd2+ 58. Kxd2 Ne4+ 59. Ke1 Nxc5 60. Kxf1 Nxb3 61. Kf2 Nc5 62. Ke3 b3 63. Kd2 Kg6 64. Kc3 Kg5 65. Kd4 Kg4 66. Kxc5 b2 67. Kd4 b1=Q 68. Ke3 Qb3+ 69.
Kd4 Qb4+ 70. Ke5 Qf4+ 71. Kd5 Qf5+ 72. Kd4 Kf4 73. Kc4 Qe5 74. Kd3 Qe4+ 75. Kd2 Qe3+ 76. Kc2 Ke4 77. Kb2 Qd3 78. Ka2 Kd4 79. Kb2 h4 80. Ka2 h3 81. Kb2 h2 82. Ka2 h1=Q 83. Kb2 Qc3+ 84. Ka2 Qha1# 0-1

[Event "Late-Titled-Tuesday-Blitz-July-09-2024"]
[Site "Chess.com"]
[Date "2024.07.09"]
[Round "8"]
[White "KevinGeorgeMicheal"]
[Black "Andrei_Skvortsov"]
[Result "0-1"]
[WhiteElo "2551"]
[BlackElo "2783"]
[TimeControl "180+1"]
[EndTime "15:29:23 PDT"]
[Termination "Andrei_Skvortsov won by resignation"]

1. Nf3 c5 2. e4 d6 3. d4 cxd4 4. Nxd4 Nf6 5. Nc3 g6 6. Bc4 Bg7 7. O-O O-O 8. Bb3 Nbd7 9. h3 Nc5 10. Re1 a5 11. a4 Nxb3 12. Nxb3 Bd7 13. Be3 Bc6 14. Bf4 Qd7 15. Qd2 Rfc8 16. Bh6 Bh8 17. Nd4 Qc7 18. Rad1 Qb6 19. b3 Bd7 20. Nd5 Nxd5 21.
exd5 Re8 22. c4 Rac8 23. Qd3 Bf6 24. Be3 Qb4 25. Nc2 Qc3 26. Qxc3 Bxc3 27. Bd2 Bxd2 28. Rxd2 b6 29. Rde2 Kf8 30. Nd4 Rc7 31. f4 h5 32.
Kf2 Bc8 33. Nb5 Rd7 34. Kf3 Ba6 35. Nd4 Bb7 36. Kg3 Kg7 37. h4 Rc7 38. f5 Bc8 39.
Kf4 Rb7 40. fxg6 fxg6 41. Kg5 Bg4 42. Ne6+ Kh7 43. Rf2 Bf5 44. Nd4 Rg8 45. Rfe2 Rg7 46. Nc6 Bd7 47. Nxe7 Bg4 48. Re3 Rf7 49. Re6 Rf2 50.
Rxg6 Rxg2 51. Rxd6 Be2+ 52. Kf6 Rf2+ 53. Ke6 Bg4+ 54.
Ke5 Rxe7+ 55. Kd4 Rxe1 56. Rxb6 Rd2+ 57. Kc5 Rh1 58. Rb7+ Kg6 59. Rb6+ Kf5 60. Rb8 Rxh4 61. d6 Ke5 62. Re8+ Be6 63. b4 axb4 64. a5 Rxd6 65. Kb5 Kf6 66. a6 Bd7+ 67. Kc5 Rc6+ 68. Kd5 Bxe8 69. a7 Rc8 70. c5 Bc6+ 0-1

[Event "Late-Titled-Tuesday-Blitz-July-09-2024"]
[Site "Chess.com"]
[Date "2024.07.09"]
[Round "8"]
[White "Crazy_girl99"]
[Black "Richardmaster"]
[Result "0-1"]
[WhiteElo "2659"]
[BlackElo "2533"]
[TimeControl "180+1"]
[EndTime "15:29:23 PDT"]
[Termination "Richardmaster won by checkmate"]

1. c4 c5 2. Nc3 Nc6 3. g3 g6 4.
Bg2 Bg7 5. Nf3 e5 6. O-O d6 7. d3 Nge7 8. h4 h6 9. a3 a5 10. Rb1 Be6 11. e3 O-O 12. Nd2 d5 13. cxd5 Nxd5 14.
Nde4 b6 15. Qa4 Nce7 16. Rd1 f5 17. Nd2 Rb8 18. Nc4 Nxc3 19. bxc3 Bd7 20. Qb3 a4 21. Qc2 b5 22. Nd2 Bc6 23. Bxc6 Nxc6 24. c4 b4 25. Qxa4 Qc7 26. Nb3 Ne7 27. Bd2 f4 28. e4 fxg3 29.
fxg3 Qc8 30. Kg2 Qg4 31. Rf1 Qe2+ 32. Kg1 Qxd3 33. Kg2 Qxe4+ 34. Kh3 Nf5 35. Nxc5 Qxc4 36. Qb3 Qxb3 37. Rxb3 bxa3 38. Rxa3 Rbc8 39. Ne4 Rfd8 40. Ba5 Rd7 41. g4 Nd4 42. Nf6+ Bxf6 43. Rxf6 Kg7 44. g5 hxg5 45. hxg5 Rh8+ 46. Kg2 Nf5 47. Be1 Rh5 48. Rfa6 Rxg5+ 49. Kf1 Rg4 50. Ra7 Rf4+ 51. Ke2 Rxa7 52. Rxa7+ Kf6 53. Bd2 Re4+ 54. Kd3 Rd4+ 55. Ke2 Nd6 56. Ra6 Kf5 57. Be3 Rd5 58. Ra8 g5 59.
Rf8+ Kg4 60. Rg8 Ne4 61. Re8 Nc3+ 62. Ke1 e4 63. Bd2 Rd3 64. Bxc3 Rxc3 65. Rxe4+ Kf3 66. Re8 Re3+ 67. Rxe3+ Kxe3 68. Kf1 Kf3 69. Kg1 Kg3 70. Kf1 Kh2 71. Kf2 g4 72. Ke3 g3 73.
Ke4 g2 74. Ke5 g1=Q 75. Ke6 Qe3+ 76. Kf7 Kg3 77. Kf6 Kg4 78. Kf7 Qb6 79. Ke7 Kf5 80. Kd7 Ke5 81. Ke7 Qb7+ 82. Kf8 Kf6 83. Kg8 Qg7# 0-1

[Event "Late-Titled-Tuesday-Blitz-July-09-2024"]
[Site "Chess.com"]
[Date "2024.07.09"]
[Round "8"]
[White "jk13"]
[Black "Igor_Janik"]
[Result "0-1"]
[WhiteElo "2681"]
[BlackElo "2895"]
[TimeControl "180+1"]
[EndTime "15:29:24 PDT"]
[Termination "Igor_Janik won by checkmate"]

1. e4 c6 2. Nc3 d5 3. Nf3 Bg4 4. h3 Bxf3 5. Qxf3 e6 6. a3 Nf6 7. d3 g6 8. g3 Bg7 9. Bg2 O-O 10. O-O Nbd7 11. Qe2 Qb6 12. Kh1 Qa6 13. Qe1 dxe4 14. dxe4 Rfd8 15. Bg5 h6 16. Be3 Nb6 17. f4 Rd7 18.
Rd1 Rad8 19. Rxd7 Rxd7 20. g4 Nc4 21. Bc1 e5 22. f5 g5 23. Bf3 Ne8 24. h4 f6 25. Be2 b5 26. Rf3 Bf8 27. Rd3 Rxd3 28. cxd3 Ncd6 29. Be3 Qb7 30. b4 Nf7 31. Bd1 Qd7 32.
hxg5 Nxg5 33. Bb3+ Kh7 34. Qe2 Be7 35. Kg2 Bd8 36.
Nd1 Bb6 37. Bxb6 axb6 38. Qe3 Ng7 39. Nf2 Qd8 40. Nh3 Nxh3 41. Kxh3 Ne8 42. Bf7 Nd6 43.
Be6 Nb7 44. Kg3 Kg7 45. Kf3 Qd6 46. Ke2 Qc7 47. Qh3 Nd8 48. Bb3 c5 49. Qh5 c4 50. Bc2 Qd6 51. Qe8 Nc6 52. Qc8 Nd4+ 53. Kd2 Nf3+ 54. Ke3 Ng5 55. Qb7+ Nf7 56. Qd5 Qxd5 57.
exd5 Nd6 58. a4 cxd3 59. Kxd3 bxa4 60. Bxa4 h5 61. gxh5 Nxf5 62. Bd1 Nd6 63. Bf3 Kh6 64. Be2 Kg5 65. Ke3 f5 66. Kf3 Kxh5 67. Ke3+ Kg5 68. Kd3 Kf6 69. Ke3 Kg5 70. Kd3 Kf4 71. Bf1 Nb5 72.
Kc4 Nd6+ 73. Kd3 Kf3 74. Bh3 e4+ 75. Kd4 f4 76. Bf1 e3 77. Kd3 Kf2 78. Bh3 f3 79. Bf1 e2 80. Bxe2 fxe2 81. Kd4 e1=Q 82. b5 Qe4+ 83. Kc3 Qc4+ 84. Kd2 Kf3 85. Ke1 Ke3 86. Kd1 Qc5 87. Ke1 Qc1# 0-1

[Event "Late-Titled-Tuesday-Blitz-July-09-2024"]
[Site "Chess.com"]
[Date "2024.07.09"]
[Round "8"]
[White "OverallStranger"]
[Black "GlavkonVVS"]
[Result "1-0"]
[WhiteElo "2422"]
[BlackElo "2572"]
[TimeControl "180+1"]
[EndTime "15:29:30 PDT"]
[Termination "OverallStranger won on time"]

1. e4 Nf6 2. e5 Nd5 3. d4 d6 4. Nf3 Bg4 5. Be2 e6 6. O-O Be7 7. c4 Nb6 8. exd6 cxd6 9. Nc3 O-O 10. Be3 d5 11. c5 Bxf3 12. gxf3 Nc8 13. f4 g6 14. Kh1 Nc6 15. f5 gxf5 16. Bh6 Kh8 17. Bxf8 Qxf8 18. Bb5 Nb8 19. Rg1 a6 20. Ba4 Bf6 21. Rg2 Ne7 22. Qd2 Nbc6 23. Bxc6 Nxc6 24. Ne2 Ne7 25. Rag1 Ng6 26. Nf4 Qe7 27. Qe3 Rg8 28. Qh3 Bxd4 29. Rxg6 fxg6 30. Nxg6+ Rxg6 31. Rxg6 Qf7 32. Rg3 Bxc5 33. Rc3 Bd4 34. Rc8+ Kg7 35. Qg3+ Qg6 36.
Rc7+ Kg8 37. Qd6 Bg7 38. Qd8+ Bf8 39. Rc8 Qf7 40. Rc7 Qg6 41. Qd6 f4 42. Qxf4 Qb1+ 43.
Kg2 Qg6+ 44. Qg3 Qxg3+ 45. hxg3 b5 46. Rc6 Kf7 47. Rxa6 b4 48. Ra7+ Kg6 49. Kf3 h5 50. a4 bxa3 51. bxa3 Bc5 52. Ra8 e5 53. a4 e4+ 54. Kg2 d4 55. a5 d3 56. Rd8 Kf7 57.
Rd5 Ke6 58. Rxc5 d2 59. Rxh5 d1=Q 60. Rh6+ Kf5 61. Rb6 Qf3+ 62. Kg1 Qa3 63. Rh6 e3 64. Rh5+ Kg4 65. Rh4+ Kf3 66. Rf4+ Ke2 67. fxe3 Qxe3+ 68. Kg2 Qa3 69. Rf5 Qa4 70. Kh3 Qe4 71. g4 Qh1+ 72. Kg3 Qg1+ 73. Kh4 Qh2+ 74. Kg5 Qc7 75. a6 Qc1+ 76. Kg6 Qa3 77. Rf6 Qa4 78. g5 Ke3 79. Kg7 Qa5 80. g6 Qe5 81. a7 Qa1 82.
Kh7 Qxa7+ 83. g7 1-0

[Event "Late-Titled-Tuesday-Blitz-July-09-2024"]
[Site "Chess.com"]
[Date "2024.07.09"]
[Round "8"]
[White "Zhigalko_Sergei"]
[Black "AlexTruskavetsky"]
[Result "0-1"]
[WhiteElo "2902"]
[BlackElo "2716"]
[TimeControl "180+1"]
[EndTime "15:29:34 PDT"]
[Termination "AlexTruskavetsky won on time"]

1. e4 c5 2. Nf3 Nc6 3. c3 Nf6 4.
e5 Nd5 5. Bc4 Nb6 6. Bb3 d6 7.
exd6 Qxd6 8. O-O g6 9. d4 cxd4 10. Ng5 e6 11. Ne4 Qd8 12. Bg5 Be7 13. Bh6 f5 14.
Ng3 Bg5 15. Bg7 Rg8 16. Bxd4 Nxd4 17. cxd4 Bf6 18. Nc3 Qxd4 19. Qe2 Kf7 20. Rfe1 Re8 21. Nb5 Qxb2 22. Nd6+ Kf8 23. Qxb2 Bxb2 24. Rab1 Bc3 25. Nxe8 Bxe1 26. Nc7 Bd2 27. Nxa8 Nxa8 28. Ne2 Nb6 29. Rd1 Bg5 30. Nd4 e5 31. Nb5 a6 32. Nd6 Ke7 33. Bg8 Kf6 34. Nxc8 Nxc8 35. Bxh7 Ne7 36. Rd7 b5 37. Rd6+ Kg7 38. Rxa6 Kxh7 39. Rb6 e4 40. Rxb5 Nc6 41. a4 Bd2 42. Rc5 Na5 43. Kf1 Nb3 44. Rb5 Nd4 45. Rd5 Nb3 46. Ke2 Bb4 47. Kd1 Nc5 48. a5 Na4 49. Rd7+ Kh6 50. a6 Bc5 51. a7 Nb6 52. Rc7 Bxf2 53. Rc6 Na8 54. Rc8 Bxa7 55. Rxa8 Bc5 56. Ke2 Kg5 57. g3 Kg4 58. Ra6 g5 59. Kf1 f4 60. Ra5 Bb6 61. Rb5 Bc7 62. Rb4 Kf3 63. gxf4 gxf4 64. h4 e3 65. Rb2 Ke4 66. h5 f3 67. h6 Be5 68. Ra2 Kd3 69. h7 e2+ 70. Kf2 Bd4+ 71. Kxf3 e1=Q 72. Ra3+ Kc2 73. Ra2+ Kb3 74. Re2 Qf1+ 75.
Ke4 Qxe2+ 0-1

[Event "Late-Titled-Tuesday-Blitz-July-09-2024"]
[Site "Chess.com"]
[Date "2024.07.09"]
[Round "8"]
[White "jcmesafischer"]
[Black "ural58"]
[Result "1-0"]
[WhiteElo "2365"]
[BlackElo "2458"]
[TimeControl "180+1"]
[EndTime "15:29:42 PDT"]
[Termination "jcmesafischer won by resignation"]

1. e4 d5 2. exd5 Qxd5 3. Nc3 Qa5 4. d4 Nf6 5. Nf3 Nc6 6. Bf4 Bg4 7. h3 Bxf3 8. Qxf3 O-O-O 9. O-O-O Nxd4 10. Qe3 c5 11. Qe5 Nd7 12. Qe4 e5 13. Be3 f5 14. Qd5 Qc7 15.
Nb5 Qb6 16. a4 a6 17. a5 Qe6 18. Rxd4 Qxd5 19. Rxd5 axb5 20. Bxb5 f4 21. Rhd1 fxe3 22. Rxd7 Rxd7 23. Bxd7+ Kc7 24. fxe3 Bd6 25. Bg4 Rf8 26.
Bf3 e4 27. Bxe4 Rf2 28. Bxb7 c4 29. Bf3 Bc5 30. c3 Bxe3+ 31. Kb1 h5 32. Rd5 g6 33.
Rb5 Rf1+ 34. Ka2 Kd6 35. Rb6+ Ke5 36. Rb5+ Kd6 37. a6 g5 38. Rb7 g4 39. hxg4 hxg4 40.
Bxg4 Rf8 41. Bf3 Ra8 42. a7 Rxa7+ 43. Rxa7 Bxa7 44. Ka3 Kc5 45. Ka4 Bb8 46. g4 Bf4 47.
Be2 Bc1 48. Ka3 Kb5 49. Ka2 Kc5 50. Kb1 Bg5 51. Kc2 Kd5 52. Bf3+ Kc5 53. Kd1 Bf4 54. Be4 Bg5 55. Bc2 Bf4 56. Ke2 Bc1 57. b4+ cxb3 58. Bxb3 Bb2 59. c4 Kd4 60. Kf3 Ke5 61. Ke3 Ba3 62.
Bc2 Bc5+ 63. Kf3 Be7 64. Ke2 Kd4 65. Bd3 Ke5 66. Bf5 Kd4 67. Be6 Ke5 68. Bd7 Kd4 69.
Bb5 Ke5 70. Kf3 Bc5 71. Kg3 Kf6 72. Kf4 Bd6+ 73. Ke4 Kg5 74. Bd7 Kf6 75. Kd5 Ke7 76.
Bf5 Bg3 77. Kc6 Bf4 78. c5 Kd8 79. Kb7 Bc7 80. c6 Bf4 81. g5 Ke7 82. g6 Kf6 83. c7 Bxc7 84. Kxc7 1-0

[Event "Late-Titled-Tuesday-Blitz-July-09-2024"]
[Site "Chess.com"]
[Date "2024.07.09"]
[Round "8"]
[White "Millerkallpa"]
[Black "petr577"]
[Result "0-1"]
[WhiteElo "2261"]
[BlackElo "2423"]
[TimeControl "180+1"]
[EndTime "15:30:07 PDT"]
[Termination "petr577 won by checkmate"]

1. e4 e5 2. Nf3 Nc6 3. Nc3 Nf6 4. Bb5 Bb4 5. O-O O-O 6. d3 d6 7. Bg5 Bxc3 8. bxc3 Qe7 9. Re1 Nd8 10. d4 Ne6 11. Bc1 c6 12. Bf1 Qc7 13. g3 Re8 14.
Bg2 Bd7 15. Rb1 Rad8 16. h3 Bc8 17. g4 h6 18. g5 hxg5 19. Nxg5 Nf8 20. Qf3 Ng6 21. Qg3 Nh5 22. Qe3 Nhf4 23. Bf1 Qe7 24. Qg3 Qf6 25. Be3 Nh5 26. Qf3 Ngf4 27. h4 Qg6 28.
Kh1 f6 29. Bc4+ d5 30. exd5 cxd5 31. Bxf4 Nxf4 32. Bb5 fxg5 33. Bxe8 Rxe8 34. Rxe5 Rxe5 35. dxe5 Qxc2 36. Re1 Bf5 37. Kh2 Be4 38. Qe3 Nd3 39.
Re2 Qxc3 40. Qxg5 Qxe5+ 41. Qxe5 Nxe5 42. Kg3 Nd3 43. Re1 Kf7 44. Rb1 b6 45. Rd1 Ke6 46. f3 Bg6 47. h5 Bf5 48. h6 gxh6 49. Rh1 Ke5 50. Rxh6 Kd4 51. Rf6 Bh7 52. Rf7 Bg6 53. Rxa7 Nc1 54. a4 Bc2 55. a5 bxa5 56. Rxa5 Kc4 57. Ra8 d4 58. Rc8+ Kd3 59. f4 Ne2+ 60. Kg4 Nc3 61. f5 Kd2 62. f6 Bb3 63. Kg5 d3 64.
Rd8 Ne4+ 65. Kf5 Nf2 66. Kg6 Ng4 67. Kg5 Ne5 68. Kf5 Nf7 69. Rb8 Kc2 70. Rc8+ Kb2 71. Rd8 Kc3 72. Rc8+ Bc4 73. Rc7 d2 74. Rd7 Bd3+ 75.
Ke6 d1=Q 76. Kxf7 Bc4+ 77. Ke8 Qh5+ 78. Kd8 Qh8+ 79. Kc7 Qxf6 80. Rd6 Qe5 81. Kc6 Qb5+ 82. Kc7 Bd5 83. Rd7 Qc6+ 84. Kd8 Kd3 85. Ke7 Kd4 86. Rd6 Qc7+ 87. Rd7 Qe5+ 88. Kd8 Kc5 89. Rc7+ Bc6 90. Rh7 Qe8+ 91. Kc7 Qe5+ 92. Kd8 Qb8+ 93. Ke7 Qb7+ 94. Kf8 Qc8+ 95. Kg7 Qf5 96. Rh6 Bd5 97. Rg6 Qf7+ 98.
Kh8 Qf8+ 99. Kh7 Bc4 100. Rg5+ Kb4 101. Rg4 Qf5+ 102. Rg6 Bf7 103. Kh8 Bxg6 104. Kg7 Qf7+ 105. Kh8 Qh7# 0-1